 Dungeon Crawl Stone Soup version 0.30-a0-54-g2e61a25929 (webtiles) character file.

Game seed: 2262614185915287395

5091 ytrimaz the Cleaver (level 10, -1/70 HPs)
             Began as a Demonspawn Berserker on Sept 7, 2022.
             Was a Priest of Trog.
             Slain by a red ugly thing (17 damage)
             ... on level 9 of the Dungeon.
             The game lasted 00:10:15 (10251 turns).

ytrimaz the Cleaver (Demonspawn Berserker)         Turns: 10251, Time: 00:10:16

Health: -1/70      AC: 19    Str: 22    XL:     10   Next: 32%
Magic:  10/10      EV: 24    Int:  9    God:    Trog [***...]
Gold:   242        SH:  0    Dex: 12    Spells: 9/9 levels left

rFire   . . .      SeeInvis .    n - +0 hand axe (vorpal)
rCold   . . .      Faith    .    (no shield)
rNeg    . . .      Spirit   .    K - +0 steam dragon scales
rPois   .          Reflect  .    j - +0 helmet
rElec   .          Harm     .    (no cloak)
rCorr   .          Rampage  .    l - +0 pair of gloves
Will    .....                    (no boots)
Stlth   +.........               F - amulet of the acrobat
HPRegen 0.21/turn                g - +4 ring of evasion
MPRegen 0.12/turn                C - +4 ring of evasion

@: about to teleport, sanguine armoured
A: hooves 1, icemail 1, powered by death 1, sanguine armour 3, condensation
shield
a: Renounce Religion, Berserk, Trog's Hand


You were on level 9 of the Dungeon.
You worshipped Trog.
Trog was most pleased with you.
You visited 2 branches of the dungeon, and saw 11 of its levels.

You collected 476 gold pieces.
You spent 234 gold pieces at shops.


Innate Abilities, Weirdness & Mutations

You have large cloven feet.
A meltable icy envelope protects you from harm. (AC +0)
You regenerate a little health from kills.
When seriously injured, your blood forms very thick armour. (AC +12)
A meltable shield of frost defends you. (SH +0)


   Skills:
 - Level 3.3 Fighting
 + Level 10.4 Axes
 - Level 1.7 Armour
 + Level 10.0 Dodging


You had 9 spell levels left.
You didn't know any spells.
Your spell library was empty.

Inventory:

Hand Weapons
 n - a +0 vorpal hand axe (weapon)
   (You took it off an orc on level 3 of the Dungeon)
 p - a +0 war axe
   (You found it on level 4 of the Dungeon)
Missiles
 H - a throwing net
Armour
 b - a +0 animal skin
 j - a +0 helmet (worn)
   (You found it on level 2 of the Dungeon)
 l - a +0 pair of gloves (worn)
   (You found it on level 4 of the Dungeon)
 B - a +0 plate armour
   (You found it on level 6 of the Dungeon)
 K - +0 steam dragon scales (worn)
   (You found it on level 9 of the Dungeon)
Jewellery
 g - a +4 ring of evasion (left hand)
   (You found it on level 1 of the Dungeon)
 u - an amulet of magic regeneration
   (You found it on level 5 of the Dungeon)
 C - a +4 ring of evasion (right hand)
   (You found it on level 6 of the Dungeon)
 F - an amulet of the acrobat (around neck)
   (You found it on level 7 of the Dungeon)
Wands
 m - a wand of flame (21) (quivered)
   (You took it off Duvessa on level 4 of the Dungeon)
 x - a wand of polymorph (1)
   (You took it off Ijyb on level 5 of the Dungeon)
 y - a wand of mindburst (13)
   (You found it on level 6 of the Dungeon)
 D - a wand of digging (7)
   (You found it on level 7 of the Dungeon)
 E - a wand of roots (4)
   (You found it on level 6 of the Dungeon)
 G - a wand of quicksilver (5)
   (You found it on level 7 of the Dungeon)
Scrolls
 e - 3 scrolls of blinking
 f - 5 scrolls of teleportation
 h - 3 scrolls of noise
 s - 2 scrolls of enchant weapon
 t - a scroll of brand weapon
 I - a scroll of immolation
Potions
 c - 4 potions of heal wounds
 d - a potion of berserk rage
 i - 2 potions of curing
 k - 6 potions of lignification
 o - 2 potions of haste
 q - a potion of invisibility
 r - 2 potions of flight
 v - 2 potions of cancellation {unknown}
 w - 4 potions of magic
 z - a potion of mutation
 A - 2 potions of brilliance {unknown}
 J - a potion of degeneration {unknown}

Dungeon Overview and Level Annotations

Branches:
Dungeon (10/15) Zot: 26982  Temple (1/1) D:7 Zot: 5894
   Lair: D:8-11         Orc: D:9-12

Altars:
Ashenzari
Cheibriados
Dithmenos
Fedhas
Gozag
Hepliaklqana
Kikubaaqudgha
Makhleb
Nemelex Xobeh
Okawaru
Qazlal
Ru
Sif Muna
Trog
Uskayaw
Vehumet
Wu Jian
Xom
Yredelemnul

Shops:
D:5 !   D:9 :*[

Annotations:
D:8 2 transporters

##..# #.# ##.# #.#
#.# #.# #.# ##.#
#.## #..# #..# #.##
#####'## ##'####
#......# ####......
#..@u..# ##.........
#......###..##......
#...................
#....#..8...8..#....
#....#..#...#..#....
#....#..#...#..#....
#....#..#...#..#....
#....#..#...#.)#....
#....#..#...#..#.###


You could see a red ugly thing.


Message History

You block the deep elf zephyrmancer's attack.
You barely miss the deep elf zephyrmancer.
Your kick misses the deep elf zephyrmancer.
The deep elf zephyrmancer hits you but does no damage. 😕 HP[+1]
You hit the deep elf zephyrmancer. You hit the deep elf zephyrmancer.
The deep elf zephyrmancer completely misses you.
You barely miss the deep elf zephyrmancer.
The deep elf zephyrmancer misses you.
You barely miss the deep elf zephyrmancer.
Your kick misses the deep elf zephyrmancer.
The deep elf zephyrmancer misses you.
You closely miss the deep elf zephyrmancer.
You kick the deep elf zephyrmancer, but do no damage.
Unknown command.
You hit the deep elf zephyrmancer but do no damage.
The deep elf zephyrmancer mumbles some strange words.
The deep elf zephyrmancer blinks! 😕 HP[+1]
You slash the deep elf zephyrmancer!
You kill the deep elf zephyrmancer!
Trog accepts your kill.
Trog appreciates your killing of a magic user.
Your Dodging skill increases to level 10!
Things that are here:
a +0 rapier; a +0 ring mail; an elf corpse Unknown command.
There is an open gate here.
You now have 228 gold pieces (gained 15).
You now have 242 gold pieces (gained 14).
k - 6 potions of lignification (gained 1)
There is an open gate, spattered with blood here.
Key pressed, stopping explore.
There is an open door here.
Key pressed, stopping explore.
There is an open door here.
Key pressed, stopping explore.
Unknown command. 😎 HP[+9]
Your hp is fully restored (70).
There is an open door here.
There is an open door here.
There is an open door here.
Key pressed, stopping explore.
There is an open door here.
There is an open door here.
Key pressed, stopping explore.
You open the door.
There is an open door here.
There is an open door here.
Done exploring.
Done exploring.
Done exploring.
Okay, then.
There is an open door here.
You can no longer call in reinforcements.
There is an open door here.
There is a stone staircase leading down here.
You climb downwards.
Found 4 gold pieces.
Found a stone staircase leading down.
There is a stone staircase leading up here.
A red ugly thing comes into view.
The red ugly thing gurgles horribly!
Unknown command.
Press: ? - help, . - travel You can't see that place.
Found a stone staircase leading up.
A centaur comes into view.
You see here 4 gold pieces.
The centaur shouts!
The centaur wields a +0 shortbow.
The centaur shoots an arrow.
The arrow completely misses you.
The red ugly thing attacks as you move away!
The red ugly thing completely misses you.
The red ugly thing engulfs you.
You are engulfed in flames!!
Your icy defenses dissipate!
Your blood congeals into armour. 😮 HP[-26]
You take 26 damage, and now have 44/70 hp.
MASSIVE DAMAGE!! (PAUSE)
The centaur shoots an arrow.
The arrow completely misses you.
There is a stone staircase leading up here.
Unknown command.
Unknown command.
The centaur shoots an arrow.
The arrow hits you. The red ugly thing engulfs you.
You are engulfed in flames!
* * * LOW HITPOINT WARNING * * *
You climb upwards.
There is a stone staircase leading down here. 😨 HP[-20]
You take 20 damage, and now have 24/70 hp.
MASSIVE DAMAGE!! (PAUSE) Unknown command.
As you read the scroll of teleportation, it crumbles to dust.
You feel strangely unstable. The red ugly thing engulfs you!
* * * LOW HITPOINT WARNING * * *
You are engulfed in flames!
You die...

Skill      XL: |  1  2  3  4  5  6  7  8  9 10 |
---------------+-------------------------------+-----
Axes           | 3 4 5 6 8 9 10 | 10.4
Dodging        | 2 3 4 6 7 9 10 | 10.0
Fighting       | |  3.3
Armour         | |  1.7

Action                   |  1- 3 |  4- 6 |  7- 9 | 10-12 || total
-------------------------+-------+-------+-------+-------++-------
Melee: Hand axe          |    84 |   133 |   345 |    55 ||   617
       Kick              |    16 |    23 |    87 |     9 ||   135
       Punch             |       |     3 |     4 |     1 ||     8
       Unarmed           |       |       |    27 |       ||    27
Invok: Berserk           |     1 |     3 |    11 |     1 ||    16
       Trog's Hand       |       |     1 |     1 |       ||     2
Evoke: Wand              |       |       |     3 |       ||     3
  Use: Scroll            |     4 |     6 |     7 |     2 ||    19
       Potion            |     1 |     1 |       |       ||     2
 Stab: Sleeping          |       |     1 |     1 |       ||     2
Armor: Animal skin       |    16 |    17 |    65 |     2 ||   100
       Skin              |       |       |     4 |       ||     4
       Steam dragon scal |       |       |       |     8 ||     8
Dodge: Dodged            |    78 |   115 |   355 |    64 ||   612
Block: Other             |     6 |    25 |    63 |     9 ||   103

Levels and vault maps discovered:
D:1:      wander_arrival_chamber, layout_rooms, minmay_close_crescents
D:2:      layout_loops_ring, serial_aquarium, aquarium_bridge_straight
          [aquarium_subvault_bridge, aquarium_subvault_wall,
          aquarium_subvault_bridge, aquarium_subvault_wall],
          aquarium_bridge_long_joined [aquarium_subvault_bridge,
          aquarium_subvault_bridge, aquarium_subvault_window,
          aquarium_subvault_window, aquarium_subvault_bridge,
          aquarium_subvault_balcony], aquarium_window_corner, aquarium_window_1,
          aquarium_view_4
D:3:      layout_loops_corners, nicolae_ru_the_path_less_chosen,
          lightli_temple_of_fire, uniq_crazy_yiuf_cottage
D:4:      layout_rooms, serial_bayou, serial_bayou_shore_b, serial_bayou_ford_a,
          serial_bayou_shore_a, serial_bayou_lake_a, serial_bayou_pond_e,
          serial_bayou_pond_c, solitary_fountain, uniq_duvessa
D:5:      layout_basic, mainiacjoe_overflow_brackets, serial_shops, shop,
          uniq_ijyb
D:6:      layout_rooms, vehumet_crystals, serial_bayou_lagoon_a,
          nicolae_figureground_sparkle
D:7:      layout_cave_pools, mainiacjoe_overflow_paths, lemuel_round_altar,
          minmay_temple_entry_overgrown
D:8:      gammafunk_wand_slinger, layout_basic
D:9:      layout_roguey, serial_shops, shop, shop_statue,
          nicolae_alphabet_shops, guppyfry_early_elven_hall
D:10:     layout_gridville
Temple:   nicolae_temple_superstar

Notes
Turn   | Place    | Note
-------+----------+-------------------------------------------
     0 | D:1      | ytrimaz the Demonspawn Berserker began the quest for the
                  | Orb.
     0 | D:1      | Reached XP level 1. HP: 18/18 MP: 1/1
     0 | D:1      | magus.rc [v1.9.6]
   170 | D:1      | HP: 4/18 [kobold/+0 dagger (4)]
   172 | D:1      | Reached skill level 3 in Axes
   208 | D:1      | Gained mutation: You have large cloven feet. [demonic
                  | ancestry]
   208 | D:1      | Reached XP level 2. HP: 7/24 MP: 2/2
  1010 | D:2      | Reached skill level 2 in Dodging
  1029 | D:2      | Gained mutation: A meltable shield of frost defends you.
                  | (SH +0) [demonic ancestry]
  1029 | D:2      | Reached XP level 3. HP: 24/29 MP: 3/3
  1337 | D:2      | Reached ** piety under Trog
  1618 | D:2      | Reached XP level 4. HP: 35/35 MP: 4/4
  1793 | D:2      | Reached skill level 3 in Dodging
  2157 | D:3      | Reached skill level 4 in Axes
  2171 | D:3      | Gained mutation: You regenerate a little health from kills.
                  | [demonic ancestry]
  2171 | D:3      | Reached XP level 5. HP: 34/41 MP: 5/5
  2480 | D:3      | Found a sacrificial altar of Ru.
  2790 | D:3      | Found a burning altar of Makhleb.
  3493 | D:4      | Reached skill level 4 in Dodging
  3493 | D:4      | Reached XP level 6. HP: 47/47 MP: 6/6
  3581 | D:4      | Noticed Duvessa
  3581 | D:4      | Noticed Dowan
  3596 | D:4      | Killed Duvessa
  3597 | D:4      | Reached skill level 5 in Axes
  3597 | D:4      | Killed Dowan
  3747 | D:4      | Gained mutation: When seriously injured, your blood forms
                  | armour. (AC +12) [demonic ancestry]
  3747 | D:4      | Reached XP level 7. HP: 52/52 MP: 7/7
  4141 | D:5      | Entered Level 5 of the Dungeon
  4168 | D:5      | Reached *** piety under Trog
  4177 | D:5      | Reached skill level 5 in Dodging
  4331 | D:5      | Found a shimmering altar of Xom.
  4560 | D:5      | Reached skill level 6 in Axes
  5110 | D:5      | Noticed Ijyb
  5147 | D:5      | Killed Ijyb
  5360 | D:5      | HP: 19/78 [ogre/+0 giant spiked club (7)]
  5363 | D:5      | Reached skill level 6 in Dodging
  5363 | D:5      | Gained mutation: A meltable icy envelope protects you from
                  | harm. (AC +0) [demonic ancestry]
  5363 | D:5      | Reached XP level 8. HP: 22/58 MP: 8/8
  5597 | D:5      | Found Vogiges's Distillery.
  5604 | D:5      | Bought a potion of mutation for 104 gold pieces
  5604 | D:5      | Bought 2 potions of heal wounds for 130 gold pieces
  5731 | D:6      | Reached skill level 7 in Axes
  5845 | D:6      | Found a radiant altar of Vehumet.
  6238 | D:6      | Reached skill level 7 in Dodging
  6889 | D:7      | Reached skill level 8 in Axes
  6976 | D:7      | Found a staircase to the Ecumenical Temple.
  7304 | D:7      | Found a sparkling altar of Nemelex Xobeh.
  7385 | D:7      | Gained mutation: When seriously injured, your blood forms
                  | thick armour. (AC +12) [demonic ancestry]
  7385 | D:7      | Reached XP level 9. HP: 60/64 MP: 9/9
  7643 | D:7      | Identified the +3 whip of Vanity {venom, *Rage rElec Str+3}
  7667 | D:7      | Reached skill level 8 in Dodging
  7741 | Temple   | Entered the Ecumenical Temple
  7867 | D:8      | Found a transporter.
  7890 | D:8      | HP: 15/64 [poisoned by a water moccasin]
  7895 | D:8      | HP: 12/64 [poisoned by a water moccasin]
  8209 | D:8      | Reached skill level 9 in Axes
  8718 | D:8      | Noticed a two-headed ogre
  8724 | D:8      | Reached **** piety under Trog
  8731 | D:8      | Killed a two-headed ogre
  8732 | D:8      | Reached skill level 9 in Dodging
  8943 | D:8      | Found a transporter.
  8947 | D:8      | Noticed a kobold demonologist
  9016 | D:8      | Identified the +5 dagger "Loficef" {vorpal, Int+3 Dex+2}
  9340 | D:9      | Noticed a troll
  9340 | D:9      | Found Xoniyky's Book Shoppe.
  9348 | D:9      | Killed a troll
  9349 | D:9      | Gained mutation: When seriously injured, your blood forms
                  | very thick armour. (AC +12) [demonic ancestry]
  9349 | D:9      | Reached XP level 10. HP: 70/70 MP: 10/10
  9364 | D:9      | Found Targhurry's Tempting Trifles.
  9600 | D:9      | Found Doun's Armour Boutique.
  9648 | D:9      | Reached skill level 10 in Axes
 10018 | D:9      | Noticed a deep elf zephyrmancer
 10045 | D:9      | Killed a deep elf zephyrmancer
 10046 | D:9      | Reached skill level 10 in Dodging
 10235 | D:10     | Entered Level 10 of the Dungeon
 10240 | D:10     | Noticed a red ugly thing
 10251 | D:9      | HP: 16/70 [red ugly thing (8)]
 10251 | D:9      | Slain by a red ugly thing

Vanquished Creatures
  A two-headed ogre (D:8)
  A deep elf zephyrmancer (D:9)
  A troll (D:9)
  A wraith (D:9)
  2 steam dragons
  2 water moccasins
  Duvessa (D:4)
  2 ice beasts
  An orc warrior (D:8)
  A black bear (D:8)
  A sky beast (D:6)
  An ogre (D:5)
  A phantom (D:5)
  2 kobold brigands
  3 bullfrogs
  2 necrophages
  4 scorpions
  Dowan (D:4)
  17 killer bees
  An electric eel (D:6)
  2 howler monkeys (D:9)
  3 hounds
  8 orc priests
  A gnoll bouda (D:6)
  2 jellies
  Ijyb (D:5)
  6 iguanas
  An orc wizard (D:3)
  9 gnolls
  9 adders
  A shadow imp (D:7)
  A white imp (D:8)
  2 ufetubi
  A worm (D:5)
  A dart slug (D:4)
  20 orcs
  13 bats
  4 endoplasms
  2 giant cockroaches
  4 goblins
  5 hobgoblins
  4 jackals (D:2)
  19 kobolds
  A quokka (D:3)
  8 ball pythons
  4 frilled lizards
  8 rats
186 creatures vanquished.

Vanquished Creatures (others)
  An orc wizard (D:4)
  46 plants
47 creatures vanquished.

Grand Total: 233 creatures vanquished

Table legend:
 A = Non-vault XP
 B = Vault XP
 C = Vault XP percentage of total XP
 D = Non-vault monster count
 E = Vault monster count
 F = Vault count percentage of total count
                 A         B        C        D         E       F
            +---------+---------+-------+---------+---------+-------
      Total |    6375 |     899 |  12.4 |     181 |       6 |   3.2
            +---------+---------+-------+---------+---------+-------
        D:1 |      25 |       3 |  10.7 |      16 |       2 |  11.1
        D:2 |     121 |       0 |   0.0 |      25 |       0 |   0.0
        D:3 |      91 |       0 |   0.0 |      25 |       0 |   0.0
        D:4 |     305 |     214 |  41.2 |      19 |       2 |   9.5
        D:5 |     718 |      36 |   4.8 |      22 |       1 |   4.3
        D:6 |     844 |       0 |   0.0 |      20 |       0 |   0.0
        D:7 |     924 |       0 |   0.0 |      16 |       0 |   0.0
        D:8 |    2092 |       0 |   0.0 |      22 |       0 |   0.0
        D:9 |    1255 |     646 |  34.0 |      16 |       1 |   5.9
            +---------+---------+-------+---------+---------+-------

Illustrated notes

Table legend:
 A = Kills in this place as a percentage of kills in entire the game.
 B = Kills by you in this place as a percentage of kills by you in the entire game.
 C = Kills by friends in this place as a percentage of kills by friends in the entire game.
 D = Other kills in this place as a percentage of other kills in the entire game.
 E = Experience gained in this place as a percentage of experience gained in the entire game.
 F = Experience gained in this place divided by the number of levels of this place that you have seen.
                   A       B       C       D       E      F
               +-------+-------+-------+-------+-------+----------------------
         Total | 100.0 | 100.0 |   N/A | 100.0 | 100.0 | 661.3
       Dungeon | 100.0 | 100.0 |   N/A | 100.0 | 100.0 | 727.4
               +-------+-------+-------+-------+-------+----------------------

Table legend: (Time is in decaauts)
 A = Elapsed time spent in this place.
 B = Non-inter-level travel time spent in this place.
 C = Inter-level travel time spent in this place.
 D = Time resting spent in this place.
 E = Time spent auto-exploring this place.
 F = Levels seen in this place.
 G = Mean time per level.
                   A        B        C        D        E       F      G
               +--------+--------+--------+--------+--------+-----+--------+
         Total |  10428 |  10156 |    272 |    903 |   7797 |  11 |  948.0 |
       Dungeon |  10323 |  10066 |    257 |    903 |   7724 |  10 | 1032.3 |
        Temple |    105 |     90 |     15 |      0 |     73 |   1 |  105.0 |
               +--------+--------+--------+--------+--------+-----+--------+

Top non-repeatable levels by time:
     D:5: 1537 daAuts
     D:3: 1336 daAuts
     D:6: 1242 daAuts
     D:8: 1206 daAuts
     D:7: 1177 daAuts
     D:2: 1141 daAuts
     D:1: 998 daAuts
     D:9: 898 daAuts
     D:4: 769 daAuts
  Temple: 105 daAuts
    D:10: 14 daAuts
